 Dungeon Crawl Stone Soup version 0.17-a0-903-g49d4bbf (webtiles) character file.

130 FedoraBrony69 the Conjurer (level 4, -3/24 HPs)
             Began as a Deep Elf Conjurer on May 2, 2015.
             Slain by Duvessa
             ... wielding a +2 short sword of draining
              (4 damage)
             ... on level 4 of the Dungeon.
             The game lasted 00:03:37 (2665 turns).

FedoraBrony69 the Conjurer (Deep Elf Conjurer)      Turns: 2665, Time: 00:03:37

Health: -3/24      AC:  2    Str:  5    XL:     4   Next: 90%
Magic:  5/13       EV: 12    Int: 21    God:
Gold:   156        SH:  0    Dex: 15    Spells: 1 memorised, 12 levels left

rFire  . . .     SeeInvis .     A - +0 trident (curse)
rCold  . . .     Clarity  .     a - +0 robe
rNeg   . . .     SustAb   .     (no shield)
rPois  .         Gourm    .     (no helmet)
rElec  .         Spirit   .     (no cloak)
rCorr  .         Warding  .     (no gloves)
rMut   .         Stasis   .     (no boots)
MR     .....                    (no amulet)
Stlth  ++........               (no ring)
                                (no ring)

@: drained, not resistant to hostile enchantments, unstealthy
A: no striking features
a: no special abilities


You were on level 4 of the Dungeon.
You were not hungry.

You visited 1 branch of the dungeon, and saw 4 of its levels.

You collected 156 gold pieces.

Inventory:

Hand weapons
 h - a +0 spear
 A - a cursed +0 trident (weapon)
Armour
 a - a +0 robe (worn)
 g - a +0 buckler
Jewellery
 j - an uncursed ring of stealth {unknown}
 w - a cursed ring of teleportation {unknown}
Scrolls
 d - 11 scrolls of identify {unknown}
 f - 2 scrolls of magic mapping {unknown}
 o - a scroll of recharging {unknown}
 p - a scroll of teleportation {unknown}
 q - a scroll of enchant armour {unknown}
 r - a scroll of remove curse {unknown}
 s - a scroll of enchant weapon {unknown}
 t - 2 scrolls of blinking {unknown}
 x - a scroll of immolation {unknown}
 y - a scroll of noise {unknown}
 B - a scroll of fear {unknown}
Potions
 e - a potion of heal wounds {unknown}
 i - a potion of haste {unknown}
 l - a potion of agility {unknown}
 n - a potion of resistance
 z - a potion of curing {unknown}
Books
 b - a book of Conjurations

   Spells                             Type                      Level
   a - Magic Dart                     Conjuration                  1
   b - Searing Ray                    Conjuration                  2
   c - Dazzling Spray                 Conjuration/Hexes            3
   d - Fulminant Prism                Conjuration/Hexes            4
   e - Iskenderun's Mystic Blast      Conjuration                  4
   f - Iskenderun's Battlesphere      Conjuration/Charms           5
Comestibles
 c - 3 bread rations
 k - 3 fruits
 m - 2 meat rations
 u - a chunk of flesh
 v - a slice of pizza


   Skills:
 - Level 2.4(1.7) Dodging
 - Level 2.4(1.8) Stealth
 + Level 5.3(4.6) Spellcasting
 + Level 5.7(5.1) Conjurations


You had 12 spell levels left.
You knew the following spells:

 Your Spells              Type           Power        Failure   Level  Hunger
a - Magic Dart            Conj           ####         1%          1    None


Dungeon Overview and Level Annotations

Branches:
Dungeon (4/15)
 Temple: D:4-7

Altars:
Dithmenos
Elyvilon
Zin
The Shining One

Annotations:
D:4 Duvessa


Message History

Press: ? - help, Shift-Dir - straight line, f/p - Dowan
Aim: Dowan, wielding a dagger and wearing a robe (almost dead)
The magic dart hits Dowan.
You kill Dowan!
Duvessa weeps, then rights herself and shakes her weapon.
Duvessa goes berserk!
Your Spellcasting skill increases to level 5!
Casting: Magic Dart
Confirm with . or Enter, or press ? or * to list all spells.
Aiming: Magic Dart
Press: ? - help, Shift-Dir - straight line, f - Duvessa
Aim: Duvessa, wielding a short sword of draining (berserk, fast, unusually strong)
The magic dart hits Duvessa.
Duvessa is lightly wounded.
Duvessa hits you with a short sword of draining!
You feel drained.
Duvessa hits you with a short sword of draining!
* * * LOW HITPOINT WARNING * * *
You feel drained.
You die...

#...##.........
#...##..........
#.#.##..........#
#.#..#..........#
#.#..#..........#
#.#.............#
#.###.###..######
#..........#
######.##@##
.........e.......
#####.#.#######
#.... #...# ..>.
.### #.


You could see Duvessa (berserk).

Vanquished Creatures
  Dowan (D:4)
  A gnoll (D:1)
  An adder (D:2)
  3 worms
  3 giant geckos
  An orc (D:3)
  2 ball pythons (D:1)
  4 bats
  A giant cockroach (D:3)
  4 goblins
  7 hobgoblins
  3 jackals (D:2)
  7 giant newts
  6 kobolds
  5 rats
49 creatures vanquished.

Notes
Turn   | Place    | Note
--------------------------------------------------------------
     0 | D:1      | FedoraBrony69, the Deep Elf Conjurer, began the quest for the Orb.
     0 | D:1      | Reached XP level 1. HP: 10/10 MP: 6/6
   258 | D:1      | Reached XP level 2. HP: 15/15 MP: 0/8
   777 | D:1      | Reached skill level 5 in Conjurations
  1007 | D:2      | Reached XP level 3. HP: 17/19 MP: 0/10
  1961 | D:2      | Found a glowing golden altar of the Shining One.
  1961 | D:2      | Found a white marble altar of Elyvilon.
  1961 | D:2      | Found a glowing silver altar of Zin.
  2203 | D:2      | Found a shadowy altar of Dithmenos.
  2306 | D:3      | Reached XP level 4. HP: 24/24 MP: 6/12
  2658 | D:4      | Noticed Duvessa
  2658 | D:4      | Noticed Dowan
  2664 | D:4      | Killed Dowan
  2664 | D:4      | Reached skill level 5 in Spellcasting
  2665 | D:4      | HP: 1/24 [Duvessa/short sword of draining (8)]
  2665 | D:4      | Slain by Duvessa

Action                   |  1- 3 |  4- 6 || total
-------------------------+-------+-------++-------
 Cast: Magic Dart        |    80 |    27 ||   107
  Eat: Chunk             |     4 |     1 ||     5
